| TOP OF THE 1ST |
|
San Francisco Giants batting - Pitching for Chicago Cubs : LHP Anass Rhammar
|
|
Pitching: LHP Anass Rhammar
|
|
|
Batting: RHB Jason May
|
0-0: Ball 1-0: Ground out 4-3 (Groundball, 4M, EV 85.0 MPH)
|
|
Batting: RHB Nick Rigden
|
0-0: Ball 1-0: Ball 2-0: Called Strike 2-1: Called Strike 2-2: Foul Ball, location: 2F 2-2: Strikes out swinging
|
|
Batting: RHB Sean Zielinski
|
0-0: Ball 1-0: Ball 2-0: Ball 3-0: Called Strike 3-1: Foul Ball, location: 2F 3-2: Strikes out swinging
|
| Top of the 1st over - 0 runs, 0 hits, 0 errors, 0 left on base; San Francisco 0 - Chicago 0 |
| BOTTOM OF THE 1ST |
|
Chicago Cubs batting - Pitching for San Francisco Giants : RHP Curt Howland
|
|
Pitching: RHP Curt Howland
|
|
|
Batting: RHB Yasuhide Kasahara
|
0-0: Ball 1-0: Foul Ball, location: 2F 1-1: Ball 2-1: Fly out, F9 (Line Drive, 9, EV 95.6 MPH)
|
|
Batting: LHB Kevin Norton
|
0-0: Ball 1-0: Ball 2-0: Called Strike 2-1: Foul Ball, location: 2F 2-2: Strikes out looking
|
|
Batting: RHB Efrain Vargas
|
0-0: Called Strike 0-1: DOUBLE (Flyball, 8RXD, EV 92.5 MPH)
|
|
Batting: RHB Kaeo Zirpoli
|
0-0: Ball 1-0: Swinging Strike 1-1: Called Strike 1-2: Ball 2-2: Ball 3-2: Foul Ball, location: 2F 3-2: Base on Balls
|
|
Batting: RHB Josh Kalman
|
0-0: Ball 1-0: Fly out, F8 (Flyball, 78D, EV 79.4 MPH)
|
| Bottom of the 1st over - 0 runs, 1 hit, 0 errors, 2 left on base; San Francisco 0 - Chicago 0 |
| TOP OF THE 2ND |
|
San Francisco Giants batting - Pitching for Chicago Cubs : LHP Anass Rhammar
|
|
Batting: LHB Jack Henningar
|
0-0: Ground out U3 (Groundball, 3, EV 79.4 MPH)
|
|
Batting: RHB Jim Zucco
|
0-0: Called Strike 0-1: Ball 1-1: SOLO HOME RUN (Line Drive, 8LXD, EV 110.0 MPH), Distance : 436 ft
|
|
Batting: RHB Xavier Castellanos
|
0-0: Fly out, F7 (Flyball, 78S, EV 86.9 MPH)
|
|
Batting: LHB Willis Robles
|
0-0: Called Strike 0-1: Foul Ball, location: 2F 0-2: Strikes out swinging
|
| Top of the 2nd over - 1 run, 1 hit, 0 errors, 0 left on base; San Francisco 1 - Chicago 0 |
| BOTTOM OF THE 2ND |
|
Chicago Cubs batting - Pitching for San Francisco Giants : RHP Curt Howland
|
|
Batting: RHB Will Leslie
|
0-0: Ball 1-0: Foul Ball, location: 2F 1-1: Ball 2-1: SINGLE (Line Drive, 8LS, EV 102.5 MPH)
|
|
Batting: RHB Elijah Campbell
|
0-0: Called Strike 0-1: Called Strike 0-2: Strikes out swinging
|
|
Batting: RHB Steve Bui
|
0-0: Called Strike 0-1: Called Strike 0-2: Foul Ball, location: 2F 0-2: Hit by Pitch Will Leslie to second
|
|
Batting: RHB Jamie Ogilvie
|
0-0: Swinging Strike 0-1: Foul Ball, location: 2F 0-2: Strikes out swinging
|
|
Batting: RHB Yasuhide Kasahara
|
0-0: Ball 1-0: Ground out U3 (Groundball, 34, EV 100.6 MPH)
|
| Bottom of the 2nd over - 0 runs, 1 hit, 0 errors, 2 left on base; San Francisco 1 - Chicago 0 |
| TOP OF THE 3RD |
|
San Francisco Giants batting - Pitching for Chicago Cubs : LHP Anass Rhammar
|
|
Batting: RHB Ray Llewellyn
|
0-0: Foul Ball, location: 2F 0-1: Foul Ball, location: 2F 0-2: Strikes out swinging
|
|
Batting: SHB Ryan Doss
|
0-0: Ball 1-0: Ball 2-0: Swinging Strike 2-1: Foul Ball, location: 2F 2-2: Ball 3-2: Fly out, F9 (Flyball, 89M, EV 94.4 MPH)
|
|
Batting: RHB Jason May
|
0-0: Ball 1-0: SOLO HOME RUN (Flyball, 78XD, EV 98.8 MPH), Distance : 382 ft
|
|
Batting: RHB Nick Rigden
|
0-0: Called Strike 0-1: Foul Ball, location: 2F 0-2: Ground out 4-3 (Groundball, 4, EV 85.6 MPH)
|
| Top of the 3rd over - 1 run, 1 hit, 0 errors, 0 left on base; San Francisco 2 - Chicago 0 |
| BOTTOM OF THE 3RD |
|
Chicago Cubs batting - Pitching for San Francisco Giants : RHP Curt Howland
|
|
Batting: LHB Kevin Norton
|
0-0: Foul Ball, location: 2F 0-1: Foul Ball, location: 2F 0-2: Foul Ball, location: 2F 0-2: Ball 1-2: Ball 2-2: Fly out, F7 (Flyball, 7S, EV 88.8 MPH)
|
|
Batting: RHB Efrain Vargas
|
0-0: Foul Ball, location: 2F 0-1: Ball 1-1: SINGLE (Flyball, 9LS, EV 91.3 MPH)
|
|
Batting: RHB Kaeo Zirpoli
|
0-0: Fly out, F7 (Flyball, 7LS, EV 87.5 MPH)
|
|
Batting: RHB Josh Kalman
|
0-0: Called Strike 0-1: Called Strike 0-2: Foul Ball, location: 2F 0-2: Ball 1-2: Foul Ball, location: 2F 1-2: Ball 2-2: Ball 3-2: Strikes out swinging
|
| Bottom of the 3rd over - 0 runs, 1 hit, 0 errors, 1 left on base; San Francisco 2 - Chicago 0 |
| TOP OF THE 4TH |
|
San Francisco Giants batting - Pitching for Chicago Cubs : LHP Anass Rhammar
|
|
Batting: RHB Sean Zielinski
|
0-0: Ball 1-0: Called Strike 1-1: Ball 2-1: Foul Ball, location: 2F 2-2: Ball 3-2: Foul Ball, location: 2F 3-2: Foul Ball, location: 2F 3-2: Foul Ball, location: 2F 3-2: Strikes out swinging
|
|
Batting: LHB Jack Henningar
|
0-0: Called Strike 0-1: Swinging Strike 0-2: Foul Ball, location: 2F 0-2: Strikes out looking
|
|
Batting: RHB Jim Zucco
|
0-0: Called Strike 0-1: Ball 1-1: Foul Ball, location: 2F 1-2: Ball 2-2: Foul Ball, location: 2F 2-2: Fly out, F9 (Line Drive, 9D, EV 86.3 MPH)
|
| Top of the 4th over - 0 runs, 0 hits, 0 errors, 0 left on base; San Francisco 2 - Chicago 0 |
| BOTTOM OF THE 4TH |
|
Chicago Cubs batting - Pitching for San Francisco Giants : RHP Curt Howland
|
|
Batting: RHB Will Leslie
|
0-0: Ball 1-0: Fly out, F7 (Flyball, 78M, EV 95.6 MPH)
|
|
Batting: RHB Elijah Campbell
|
0-0: Ball 1-0: Ball 2-0: Swinging Strike 2-1: Ground out 4-3 (Groundball, 4, EV 81.9 MPH)
|
|
Batting: RHB Steve Bui
|
0-0: Ball 1-0: Ball 2-0: Called Strike 2-1: Fly out, F5 (Line Drive, 5, EV 68.1 MPH)
|
| Bottom of the 4th over - 0 runs, 0 hits, 0 errors, 0 left on base; San Francisco 2 - Chicago 0 |
| TOP OF THE 5TH |
|
San Francisco Giants batting - Pitching for Chicago Cubs : LHP Anass Rhammar
|
|
Batting: RHB Xavier Castellanos
|
0-0: Ball 1-0: Called Strike 1-1: Swinging Strike 1-2: Strikes out swinging
|
|
Batting: LHB Willis Robles
|
0-0: Foul Ball, location: 2F 0-1: Called Strike 0-2: Ball 1-2: Strikes out swinging
|
|
Batting: RHB Ray Llewellyn
|
0-0: Called Strike 0-1: Ball 1-1: Ball 2-1: Ball 3-1: Swinging Strike 3-2: Strikes out looking
|
| Top of the 5th over - 0 runs, 0 hits, 0 errors, 0 left on base; San Francisco 2 - Chicago 0 |
| BOTTOM OF THE 5TH |
|
Chicago Cubs batting - Pitching for San Francisco Giants : RHP Curt Howland
|
|
Batting: RHB Jamie Ogilvie
|
0-0: Called Strike 0-1: Swinging Strike 0-2: Strikes out looking
|
|
Batting: RHB Yasuhide Kasahara
|
0-0: Ball 1-0: Ground out U3 (Groundball, 34, EV 103.1 MPH)
|
|
Batting: LHB Kevin Norton
|
0-0: Ground out 5-3 (Groundball, 56D, EV 82.5 MPH)
|
| Bottom of the 5th over - 0 runs, 0 hits, 0 errors, 0 left on base; San Francisco 2 - Chicago 0 |
| TOP OF THE 6TH |
|
San Francisco Giants batting - Pitching for Chicago Cubs : LHP Anass Rhammar
|
|
Batting: SHB Ryan Doss
|
0-0: Swinging Strike 0-1: SINGLE (Line Drive, 89M, EV 90.0 MPH)
|
|
Batting: RHB Jason May
|
0-0: Ball 1-0: Called Strike 1-1: Called Strike 1-2: Strikes out swinging
|
|
Batting: RHB Nick Rigden
|
0-0: Called Strike 0-1: Ball 1-1: Called Strike 1-2: Ball 2-2: Fly out, F8 (Flyball, 8RD, EV 100.0 MPH)
|
|
Batting: RHB Sean Zielinski
|
0-0: Ball Ryan Doss steals 2nd, throwing error, E2 Ryan Doss to third 1-0: Intentional Walk
|
|
Batting: LHB Jack Henningar
|
0-0: Ball 1-0: Fielders Choice at 2nd, 5-4 (Groundball, 6, EV 79.4 MPH)
|
| Top of the 6th over - 0 runs, 1 hit, 1 error, 2 left on base; San Francisco 2 - Chicago 0 |
| BOTTOM OF THE 6TH |
|
Chicago Cubs batting - Pitching for San Francisco Giants : RHP Curt Howland
|
|
Batting: RHB Efrain Vargas
|
0-0: Foul Ball, location: 2F 0-1: Ball 1-1: Fly out, F9 (Flyball, 9S, EV 89.4 MPH)
|
|
Batting: RHB Kaeo Zirpoli
|
0-0: Foul Ball, location: 2F 0-1: Ground out 6-3 (Groundball, 6, EV 86.3 MPH)
|
|
Batting: RHB Josh Kalman
|
0-0: Foul Ball, location: 2F 0-1: Ball 1-1: Foul Ball, location: 2F 1-2: Ball 2-2: Ball 3-2: Base on Balls
|
|
Batting: RHB Will Leslie
|
0-0: Ball 1-0: Called Strike 1-1: Foul Ball, location: 2F 1-2: Fly out, F8 (Flyball, 8LXD, EV 106.3 MPH)
|
| Bottom of the 6th over - 0 runs, 0 hits, 0 errors, 1 left on base; San Francisco 2 - Chicago 0 |
| TOP OF THE 7TH |
|
San Francisco Giants batting - Pitching for Chicago Cubs : LHP Anass Rhammar
|
|
Batting: RHB Jim Zucco
|
0-0: SINGLE (Groundball, 34D, EV 95.6 MPH)
|
|
Batting: RHB Xavier Castellanos
|
0-0: Foul Ball, location: 2F 0-1: Called Strike 0-2: Grounds into double play, 6-4-3 (Groundball, 6M, EV 105.0 MPH)
|
|
Batting: LHB Willis Robles
|
0-0: Ball 1-0: Fly out, F8 (Flyball, 78M, EV 84.4 MPH)
|
| Top of the 7th over - 0 runs, 1 hit, 0 errors, 0 left on base; San Francisco 2 - Chicago 0 |
| BOTTOM OF THE 7TH |
|
Chicago Cubs batting - Pitching for San Francisco Giants : RHP Curt Howland
|
|
Batting: RHB Elijah Campbell
|
0-0: Ball 1-0: SINGLE (Line Drive, 8RS, EV 99.4 MPH)
|
|
Pitching: RHP Johnny Munoz
|
|
|
Batting: RHB Steve Bui
|
0-0: Ball 1-0: Ball 2-0: Called Strike 2-1: Ball 3-1: Grounds into double play, 6-4-3 (Groundball, 6, EV 88.8 MPH)
|
|
Batting: RHB Jamie Ogilvie
|
0-0: Called Strike 0-1: Foul Ball, location: 2F 0-2: Strikes out looking
|
| Bottom of the 7th over - 0 runs, 1 hit, 0 errors, 0 left on base; San Francisco 2 - Chicago 0 |
| TOP OF THE 8TH |
|
San Francisco Giants batting - Pitching for Chicago Cubs : LHP Anass Rhammar
|
|
Batting: RHB Ray Llewellyn
|
0-0: Ball 1-0: Foul Ball, location: 2F 1-1: Swinging Strike 1-2: Ball 2-2: Strikes out swinging
|
|
Batting: SHB Ryan Doss
|
0-0: Ball 1-0: Swinging Strike 1-1: Swinging Strike 1-2: Fly out, F7 (Flyball, 7D, EV 97.5 MPH)
|
|
Batting: RHB Jason May
|
0-0: Ball 1-0: Called Strike 1-1: Called Strike 1-2: SINGLE (Flyball, 34D, EV 86.9 MPH)
|
|
Batting: RHB Nick Rigden
|
0-0: Ball 1-0: Ball 2-0: Called Strike 2-1: Ground out 6-3 (Groundball, 56, EV 108.1 MPH)
|
| Top of the 8th over - 0 runs, 1 hit, 0 errors, 1 left on base; San Francisco 2 - Chicago 0 |
| BOTTOM OF THE 8TH |
|
Chicago Cubs batting - Pitching for San Francisco Giants : RHP Johnny Munoz
|
|
Batting: RHB Yasuhide Kasahara
|
0-0: SOLO HOME RUN (Flyball, 78XD, EV 101.9 MPH), Distance : 388 ft
|
|
Batting: LHB Kevin Norton
|
0-0: Foul Ball, location: 2F 0-1: Ball 1-1: Foul Ball, location: 2F 1-2: Strikes out swinging, 2-3 out at first.
|
|
Batting: RHB Efrain Vargas
|
0-0: Foul Ball, location: 2F 0-1: Ball 1-1: Swinging Strike 1-2: Ball 2-2: Foul Ball, location: 2F 2-2: Strikes out looking
|
|
Batting: RHB Kaeo Zirpoli
|
0-0: Foul Ball, location: 2F 0-1: Ball 1-1: Called Strike 1-2: Ball 2-2: Ground out U3 (Groundball, 3, EV 103.1 MPH)
|
| Bottom of the 8th over - 1 run, 1 hit, 0 errors, 0 left on base; San Francisco 2 - Chicago 1 |
| TOP OF THE 9TH |
|
San Francisco Giants batting - Pitching for Chicago Cubs : LHP Anass Rhammar
|
|
Batting: RHB Sean Zielinski
|
0-0: Ground out 2-3 (Groundball, 15S, EV 68.8 MPH)
|
|
Batting: LHB Jack Henningar
|
0-0: Ball 1-0: Called Strike 1-1: Ball 2-1: Called Strike 2-2: Ball 3-2: Base on Balls
|
|
Pitching: LHP George Poirier
|
|
|
Batting: RHB Jim Zucco
|
0-0: Ball 1-0: Swinging Strike 1-1: Ball 2-1: Swinging Strike 2-2: Foul Ball, location: 2F 2-2: Strikes out swinging
|
|
Batting: RHB Xavier Castellanos
|
0-0: Called Strike Jack Henningar steals 2nd base 0-1: Ball 1-1: Intentional Walk
|
|
Batting: LHB Willis Robles
|
0-0: Ball 1-0: Ball 2-0: Ball 3-0: Called Strike 3-1: Called Strike 3-2: Foul Ball, location: 2F 3-2: Strikes out swinging
|
| Top of the 9th over - 0 runs, 0 hits, 0 errors, 2 left on base; San Francisco 2 - Chicago 1 |
| BOTTOM OF THE 9TH |
|
Chicago Cubs batting - Pitching for San Francisco Giants : RHP Johnny Munoz
|
|
Pitching: RHP Borisz Barciniak
|
|
|
Batting: RHB Josh Kalman
|
0-0: Ball 1-0: Ball 2-0: Fly out, F7 (Flyball, 78D, EV 87.5 MPH)
|
|
Pinch Hitting: SHB Terry Tuckfard
|
0-0: Ground out U3 (Groundball, 3, EV 86.9 MPH)
|
|
Batting: RHB Elijah Campbell
|
0-0: Ball 1-0: Ball 2-0: Ball 3-0: Base on Balls
|
|
Batting: RHB Steve Bui
|
0-0: Ball 1-0: Ball 2-0: Reached on error, E4 (Groundball, 34D, EV 103.8 MPH) Elijah Campbell to third
|
|
Pinch Hitting: SHB Art Kent
|
0-0: Ground out 4-3 (Groundball, 4, EV 88.1 MPH)
|
| Bottom of the 9th over - 0 runs, 0 hits, 1 error, 2 left on base; San Francisco 2 - Chicago 1 |
|